 Dungeon Crawl Stone Soup version 0.28.0-47-ge53b351184 (webtiles) character file.

Game seed: 4863297036958034816

75 GigaChad the Skirmisher (level 4, 55/55 HPs)
             Began as a Barachi Fighter on Apr 28, 2022.
             Was a Follower of Okawaru.
             Quit the game on level 3 of the Dungeon.
             The game lasted 00:10:32 (1670 turns).

GigaChad the Skirmisher (Barachi Fighter)           Turns: 1670, Time: 00:10:32

Health: 55/55      AC: 22    Str: 15 (17) XL:     4   Next: 31%
Magic:  4/4        EV:  2    Int:  9      God:    Okawaru [*.....]
Gold:   60         SH:  4    Dex: 11 (13) Spells: 3/3 levels left

rFire   . . .      SeeInvis .   a - +0 long sword (flame)
rCold   . . .      Faith    .   c - +0 buckler
rNeg    . . .      Spirit   .   (armour currently unavailable)
rPois   +          Reflect  .   (helmet currently unavailable)
rElec   .          Harm     .   (cloak currently unavailable)
rCorr   .          Rampage  .   (gloves currently unavailable)
Will    .....      NoTele   +   (boots currently unavailable)
Stlth   +.........              (no amulet)
HPRegen 0.18/turn               (no ring)
MPRegen 0.09/turn               (no ring)

@: mighty, tree-form, hasted, very quick
A: stationary, stasis, torment immunity, boosted hp, (amphibious), (slowness 1),
(strong legs 1), +LOS
a: Renounce Religion, Heroism


You were on level 3 of the Dungeon.
You worshipped Okawaru.
Okawaru was aware of your devotion.
You were a tree.
You visited 1 branch of the dungeon, and saw 3 of its levels.

You collected 60 gold pieces.

Inventory:

Hand Weapons
 a - a +0 long sword of flaming (weapon)
Armour
 b - a +0 scale mail (melded)
 c - a +0 buckler (worn)
Scrolls
 g - a scroll of enchant armour


   Skills:
 + Level 4.2 Fighting
 + Level 3.8 Long Blades
 + Level 4.2 Armour
 + Level 1.0 Dodging
 + Level 0.1 Stealth
 + Level 3.5 Shields


You had 3 spell levels left.
You didn't know any spells.
Your spell library contained the following spells:

 Spells                   Type           Power      Damage    Failure   Level
 Foxfire                  Conj/Fire      0%         2x1d4     47%         1
 Conjure Flame            Conj/Fire      0%         6-21      85%         3
 Inner Flame              Hex/Fire       0%         N/A       85%         3
 Flame Wave               Conj/Fire      0%         2d4       99%         4


Dungeon Overview and Level Annotations

Branches:
Dungeon (3/15)

Altars:
Okawaru
Beogh

Annotations:
D:2 Sigmund


Innate Abilities, Weirdness & Mutations

You are a tree.
Your roots penetrate the ground, keeping you stationary.
You cannot be teleported.
You are immune to unholy pain and torment.
Your maximum health is greatly increased.
Your equipment is partially melded.
((You are amphibious.))
((You cover ground slowly.))
((You can hop short distances.))
You have an extended range of vision and can be seen from far away.


Message History

You cannot move.
You cannot move.
You cannot move.
You cannot move.
A worm is nearby!
You cannot move.
You cannot move.
You cannot move.
You cannot move.
A worm is nearby!
You cannot move.
You cannot move.
You cannot move.
You cannot move.
You cannot move.
You cannot move.
You aren't carrying any potions.
You cannot move.
You cannot move.
Unknown command.
Your +0 long sword of flaming stops flaming.
You are now empty-handed.
Your +0 long sword of flaming bursts into flame!
a - a +0 long sword of flaming (weapon)
Unknown command.
Adjust (i)tems, (s)pells, or (a)bilities?
Huh?
Unknown command.
Number of times to repeat, then command key: You must enter the number of times for the command to repeat.
You cannot move.
You cannot move.
You cannot move.
Are you sure you want to abandon this character and quit the game? (Confirm with "yes".)

.... #... #.#.
#.#. w #.#. ##.# #
#.#. .?. #. #.#.
..##.#
#..#.#'####.w.....
#...<..♣)!........
#.##....###....#.#
#.....+ ...#
###..(# ..# #...#
.# ##### #


You could see a worm.

Vanquished Creatures
  Ijyb (D:3)
  A gnoll (D:1)
  An adder (D:2)
  2 dart slugs (D:1)
  2 endoplasms (D:1)
  4 giant cockroaches (D:1)
  A goblin (D:1)
  3 hobgoblins (D:1)
  3 quokkas (D:1)
  2 ball pythons (D:1)
  A bat (D:1)
  A frilled lizard (D:1)
  3 kobolds
  A rat (D:2)
26 creatures vanquished.

Notes
Turn   | Place    | Note
-------+----------+-------------------------------------------
     0 | D:1      | GigaChad the Barachi Fighter began the quest for the Orb.
     0 | D:1      | Reached XP level 1. HP: 18/18 MP: 1/1
   280 | D:1      | Reached XP level 2. HP: 14/25 MP: 2/2
   654 | D:1      | Reached XP level 3. HP: 15/30 MP: 3/3
  1123 | D:1      | Found a faded altar of an unknown god.
  1164 | D:1      | Prayed at the altar of an unknown god.
  1164 | D:1      | Became a worshipper of Warmaster Okawaru
  1164 | D:1      | Reached * piety under Okawaru
  1410 | D:2      | Noticed Sigmund
  1644 | D:3      | Noticed Ijyb
  1656 | D:3      | Killed Ijyb
  1657 | D:3      | Reached skill level 1 in Dodging
  1657 | D:3      | Reached XP level 4. HP: 37/37 MP: 4/4
  1670 | D:3      | Quit the game

Illustrated notes

Levels and vault maps discovered:
D:1:      wander_arrival_lonely_grave, layout_loops_corners,
          hellmonk_ecumenical_altar_defaced_shrine,
          minmay_misc_feat_more_columns, st_stairs_4
D:2:      layout_loops_corners, basic_altar, uniq_sigmund, uniq_robin
D:3:      layout_basic, uniq_ijyb, uniq_terence, uniq_crazy_yiuf_cottage

Skill      XL: |  1  2  3 |
---------------+----------+-----
Fighting       | 4 |  4.2
Armour         | 4 |  4.2
Long Blades    | 3 |  3.8
Dodging        | 1 |  1.0
Stealth        | |  0.1
Shields        | |  3.5

Action                   |  1- 3 |  4- 6 || total
-------------------------+-------+-------++-------
Melee: Long sword        |    75 |       ||    75
  Use: Potion            |     3 |       ||     3
       Scroll            |     2 |       ||     2
Armor: Scale mail        |    44 |       ||    44
       Skin              |     2 |       ||     2
Dodge: Dodged            |    43 |       ||    43
Block: Buckler           |    18 |       ||    18
